Bruins vs Red Wings

Created - 16 janvier 2015 at 19:20

Goals
1 2 3 OT1 SO T
Bruins 0 0 1 0 3 2
Red Wings 0 1 0 0 2 1
Shots
1 2 3 OT1 SO T
Bruins 5 14 9 3 7 31
Red Wings 14 13 5 1 7 33

1st period

No Goal

Penalties :
Shea Weber (Det) for Hooking (Minor) at 5:45, Vitali Yachmenev (Bos) for Diving (Minor) at 16:09

2nd period

1. Red Wings , Christian Backman 2 (Rick Nash, Martin Havlat) at 9:39 (PP)

Penalties :
Teemu Selanne (Det) for High sticking (Minor) at 3:21, Matt Cooke (Bos) for Hooking (Minor) at 9:26

3rd period

2. Bruins , Eric Lindros 19 (Andrew Alberts, Wojtek Wolski) at 0:16

Penalties :
Mike Brown (Det) for Hooking (Minor) at 1:40, Scottie Upshall (Bos) for Tripping (Minor) at 11:12, Ryan O'Byrne (Bos) for Holding (Minor) at 15:18, Teemu Selanne (Det) for Interference (Minor) at 19:53

Overtime #1

No Goal

Penalties :
No Penalty

Shootout

Penalty Shot by Wojtek Wolski for Bruins - Stopped by Jonathan Quick
Penalty Shot by Jason Spezza for Red Wings - Stopped by Evgeni Nabokov
Penalty Shot by Eric Lindros for Bruins - Stopped by Jonathan Quick
Penalty Shot by Rick Nash for Red Wings - Stopped by Evgeni Nabokov
Penalty Shot by Sydney Crosby for Bruins - Stopped by Jonathan Quick
Penalty Shot by Mike Richards for Red Wings - Shot Misses the Net
Penalty Shot by Scottie Upshall for Bruins - Goal!
Penalty Shot by Sean Bergenheim for Red Wings - Goal!
Penalty Shot by Matt Cooke for Bruins - Goal!
Penalty Shot by Martin Havlat for Red Wings - Goal!
Penalty Shot by Viktor Stalberg for Bruins - Stopped by Jonathan Quick
Penalty Shot by Shawn Horcoff for Red Wings - Shot Misses the Net
Penalty Shot by Blair Betts for Bruins - Goal!
Penalty Shot by Teemu Selanne for Red Wings - Stopped by Evgeni Nabokov

Penalties :
No Penalty

Goalie Stats

Evgeni Nabokov (Bos), 32 saves from 33 shots - (0,970), W, 15-20-3, 65:00 minutes
Jonathan Quick (Det), 30 saves from 31 shots - (0,968), OTL, 20-13-4, 65:00 minutes

Players Stats for Bruins

Player Name              G  A  P  +/- PIM S  H  SB GA TA FO     MP     PP MP  PK MP  
------------------------------------------------------------------------------------
Andrei Markov            0  0  0   0  0   1  1  0  0  0  0/0    21:45   2:28   2:14 
Andrew Alberts           0  1  1   1  0   3  2  1  1  0  0/0    30:44   3:07   3:56 
Blair Betts              0  0  0   0  0   2  1  1  0  0  3/6     6:09   0:13   0:00 
Christoph Schubert       0  0  0   0  0   0  0  1  0  1  0/0    12:59   0:28   0:55 
Dainius Zubrus           0  0  0   0  0   1  2  0  1  1  0/0    15:02   0:41   1:30 
Eric Lindros             1  0  1   1  0   1  2  0  3  1  15/25  22:59   2:48   3:30 
Jason Demers             0  0  0   0  0   0  0  3  0  0  0/0    12:04   0:28   0:00 
Mark Stuart              0  0  0   0  0   2  2  0  0  0  0/0    21:39   2:28   2:14 
Matt Cooke               0  0  0   0  2   2  0  1  0  0  1/2    16:12   0:47   1:04 
Matt Hendricks           0  0  0   0  0   1  0  0  0  0  3/4    12:41   0:00   0:00 
Ryan O'Byrne             0  0  0   0  2   0  1  0  0  1  0/0    24:58   3:07   2:32 
Scottie Upshall          0  0  0   0  2   3  1  0  1  1  1/1    19:37   2:34   1:10 
Sydney Crosby            0  0  0   0  0   4  2  0  1  1  6/13   20:04   2:34   1:45 
Tom Gilbert              0  0  0   1  0   0  0  0  0  0  0/0     5:56   0:00   0:29 
Victor Oreskovich        0  0  0   0  0   1  1  0  0  0  0/0    17:14   2:34   0:00 
Viktor Stalberg          0  0  0   0  0   1  0  0  0  0  0/0     8:15   0:28   0:00 
Vitali Yachmenev         0  0  0   1  2   4  1  1  1  0  1/2    17:43   2:45   0:00 
Wojtek Wolski            0  1  1   1  0   5  1  1  1  0  3/11   27:45   2:45   3:21 

Players Stats for Red Wings

Player Name              G  A  P  +/- PIM S  H  SB GA TA FO     MP     PP MP  PK MP  
------------------------------------------------------------------------------------
Brian Sutherby           0  0  0   0  0   4  2  0  0  0  1/2     8:15   0:00   0:14 
Christian Backman        1  0  1   0  0   1  0  0  0  1  0/0    16:00   2:35   0:00 
Jason Spezza             0  0  0  -1  0   2  3  1  0  1  20/33  24:13   3:31   4:42 
Lee Stempniak            0  0  0   0  0   2  3  0  0  0  0/0     8:01   0:00   0:00 
Martin Havlat            0  1  1  -1  0   1  1  0  0  0  0/1    18:29   3:31   0:00 
Maxim Kondratiev         0  0  0   0  0   0  1  2  0  2  0/0    18:20   0:00   2:52 
Michal Grosek            0  0  0   0  0   0  1  0  0  0  0/0     9:59   0:00   0:52 
Mike Brown               0  0  0   0  2   0  1  2  0  0  0/0    11:45   0:00   0:00 
Mike Richards            0  0  0   0  0   1  2  1  0  0  5/11   15:27   2:39   0:00 
Ossi Vaananen            0  0  0   0  0   3  0  0  0  0  0/0    15:42   0:00   3:26 
Paul Martin              0  0  0   0  0   1  3  0  2  2  0/0    28:14   3:35   5:03 
Richard Jackman          0  0  0  -1  0   2  1  2  1  1  0/0    23:11   2:35   0:54 
Rick Nash                0  1  1  -1  0   4  0  2  0  1  1/4    23:27   3:31   3:32 
Robert Dome              0  0  0   0  0   1  2  0  0  0  1/1    13:06   0:00   1:13 
Sean Bergenheim          0  0  0   0  0   3  4  3  0  0  0/1    17:47   2:39   1:30 
Shawn Horcoff            0  0  0   0  0   5  3  0  2  1  3/10   14:57   0:00   1:56 
Shea Weber               0  0  0  -1  2   2  3  4  1  0  0/0    28:38   3:35   3:37 
Teemu Selanne            0  0  0   0  4   1  1  0  0  0  0/1    16:29   2:39   0:00 

3 Stars

1 - Evgeni Nabokov (Bos)
2 - Jonathan Quick (Det)
3 - Eric Lindros (Bos)

Power Play

Bruins - 0 on 4 Attempt(s) - 0,00%
Red Wings - 1 on 4 Attempt(s) - 25,00%

Penalty Kill

Bruins - 3 on 4 Attempt(s) - 75,00% - Score 0 goal in Penalty Kill
Red Wings - 4 on 4 Attempt(s) - 100,00% - Score 0 goal in Penalty Kill

Team Stat

Bruins - Hits : 17 - Faceoff Wins : 33 - Blocked Shots : 9 - Penalty Minutes : 8
Red Wings - Hits : 31 - Faceoff Wins : 31 - Blocked Shots : 17 - Penalty Minutes : 8

Official

Referees : Lee Chris and McCreary Bill
Linesman : Bryan Pancich and Mike Cvik

Game Notes

No Game Note

Finance

Level 1 -- Attendance: 5539 (92,32%) -- Ticket Income 415 425 $
Level 2 -- Attendance: 5000 (100,00%) -- Ticket Income 225 000 $
Level 3 -- Attendance: 1877 (93,85%) -- Ticket Income 46 925 $
Level 4 -- Attendance: 3665 (91,63%) -- Ticket Income 65 970 $
Luxury Box -- Attendance: 980 (98,00%) -- Ticket Income 147 000 $
Game was played at the Joe Louis Arena'
Total Attendance: 17061 (94,78%)
Total Ticket Income: 900 320 $
Other Income: 135 048 $
Total Income: 1 035 368 $

Bruins

5 vs 5 Forward 
   Center                   Left Wing                Right Wing               Time % Phy DF OF 
 1 Eric Lindros             Wojtek Wolski            Vitali Yachmenev         40     1   2  2  
 2 Sydney Crosby            Scottie Upshall          Victor Oreskovich        30     1   2  2  
 3 Matt Hendricks           Matt Cooke               Dainius Zubrus           20     1   2  2  
 4 Blair Betts              Viktor Stalberg          Wojtek Wolski            10     1   2  2  

5 vs 5 Defense 
   Defense                  Defense                                           Time % Phy DF OF 
 1 Andrew Alberts           Ryan O'Byrne                                      40     1   2  2  
 2 Andrei Markov            Mark Stuart                                       30     1   2  2  
 3 Jason Demers             Christoph Schubert                                20     1   2  2  
 4 Tom Gilbert              Andrew Alberts                                    10     1   2  2  

PowerPlay Forward 
   Center                   Left Wing                Right Wing               Time % Phy DF OF 
 1 Eric Lindros             Wojtek Wolski            Vitali Yachmenev         60     1   2  2  
 2 Sydney Crosby            Scottie Upshall          Victor Oreskovich        40     1   2  2  

PowerPlay Defense
   Defense                  Defense                                           Time % Phy DF OF 
 1 Andrew Alberts           Ryan O'Byrne                                      60     1   2  2  
 2 Andrei Markov            Mark Stuart                                       40     1   2  2  

Penalty Kill 4 Players Forward 
   Center                   Wing                     Time % Phy DF OF 
 1 Wojtek Wolski            Eric Lindros             60     1   2  2  
 2 Sydney Crosby            Scottie Upshall          40     1   2  2  

Penalty Kill 4 Players Defense
   Defense                  Defense                  Time % Phy DF OF 
 1 Andrew Alberts           Ryan O'Byrne             60     1   2  2  
 2 Andrei Markov            Mark Stuart              40     1   2  2  

Penalty Kill - 3 Players Forward 
   Forward                                           Time % Phy DF OF 
 1 Wojtek Wolski                                     60     1   2  2  
 2 Eric Lindros                                      40     1   2  2  

Penalty Kill - 3 Players Defense
   Defense                  Defense                  Time % Phy DF OF 
 1 Andrew Alberts           Ryan O'Byrne             60     1   2  2  
 2 Andrei Markov            Mark Stuart              40     1   2  2  

4 vs 4 Forward 
   Center                   Wing                     Time % Phy DF OF 
 1 Wojtek Wolski            Eric Lindros             60     1   2  2  
 2 Sydney Crosby            Scottie Upshall          40     1   2  2  

4 vs 4 Defense
   Defense                  Defense                  Time % Phy DF OF 
 1 Andrew Alberts           Ryan O'Byrne             60     1   2  2  
 2 Andrei Markov            Mark Stuart              40     1   2  2  

Last Minutes Offensive
   Center                   Left Wing                Right Wing               Defense                  Defense                  
   Eric Lindros             Wojtek Wolski            Vitali Yachmenev         Andrew Alberts           Ryan O'Byrne             

Last Minutes Defensive
   Center                   Left Wing                Right Wing               Defense                  Defense                  
   Eric Lindros             Wojtek Wolski            Vitali Yachmenev         Andrew Alberts           Ryan O'Byrne             

Goaltenders
Starting : Evgeni Nabokov           
Backup : Karri Ramo               

Extra Forwards
Normal : Matt Cooke, Viktor Stalberg, Dainius Zubrus - PP : Matt Cooke, Viktor Stalberg - PK : Dainius Zubrus
Extra Defensemen
Normal : Jason Demers, Christoph Schubert, Tom Gilbert - PP : Jason Demers - PK : Christoph Schubert, Tom Gilbert
Penalty Shots
Wojtek Wolski, Eric Lindros, Sydney Crosby, Scottie Upshall, Matt Cooke

Red Wings

5 vs 5 Forward 
   Center                   Left Wing                Right Wing               Time % Phy DF OF 
 1 Jason Spezza             Rick Nash                Martin Havlat            40     1   2  2  
 2 Mike Richards            Sean Bergenheim          Teemu Selanne            30     1   2  2  
 3 Shawn Horcoff            Robert Dome              Mike Brown               20     1   2  2  
 4 Brian Sutherby           Michal Grosek            Lee Stempniak            10     1   2  2  

5 vs 5 Defense 
   Defense                  Defense                                           Time % Phy DF OF 
 1 Shea Weber               Paul Martin                                       40     1   2  2  
 2 Maxim Kondratiev         Richard Jackman                                   30     1   2  2  
 3 Christian Backman        Ossi Vaananen                                     20     1   2  2  
 4 Richard Jackman          Shea Weber                                        10     1   2  2  

PowerPlay Forward 
   Center                   Left Wing                Right Wing               Time % Phy DF OF 
 1 Jason Spezza             Rick Nash                Martin Havlat            60     1   2  2  
 2 Mike Richards            Sean Bergenheim          Teemu Selanne            40     1   2  2  

PowerPlay Defense
   Defense                  Defense                                           Time % Phy DF OF 
 1 Shea Weber               Paul Martin                                       60     1   2  2  
 2 Richard Jackman          Christian Backman                                 40     1   2  2  

Penalty Kill 4 Players Forward 
   Center                   Wing                     Time % Phy DF OF 
 1 Jason Spezza             Rick Nash                60     1   2  2  
 2 Shawn Horcoff            Sean Bergenheim          40     1   2  2  

Penalty Kill 4 Players Defense
   Defense                  Defense                  Time % Phy DF OF 
 1 Shea Weber               Paul Martin              60     1   2  2  
 2 Maxim Kondratiev         Ossi Vaananen            40     1   2  2  

Penalty Kill - 3 Players Forward 
   Forward                                           Time % Phy DF OF 
 1 Jason Spezza                                      60     1   2  2  
 2 Shawn Horcoff                                     40     1   2  2  

Penalty Kill - 3 Players Defense
   Defense                  Defense                  Time % Phy DF OF 
 1 Shea Weber               Paul Martin              60     1   2  2  
 2 Maxim Kondratiev         Ossi Vaananen            40     1   2  2  

4 vs 4 Forward 
   Center                   Wing                     Time % Phy DF OF 
 1 Jason Spezza             Rick Nash                60     1   2  2  
 2 Mike Richards            Teemu Selanne            40     1   2  2  

4 vs 4 Defense
   Defense                  Defense                  Time % Phy DF OF 
 1 Shea Weber               Paul Martin              60     1   2  2  
 2 Richard Jackman          Christian Backman        40     1   2  2  

Last Minutes Offensive
   Center                   Left Wing                Right Wing               Defense                  Defense                  
   Jason Spezza             Rick Nash                Martin Havlat            Shea Weber               Paul Martin              

Last Minutes Defensive
   Center                   Left Wing                Right Wing               Defense                  Defense                  
   Jason Spezza             Rick Nash                Martin Havlat            Shea Weber               Paul Martin              

Goaltenders
Starting : Jonathan Quick           
Backup : Scott Clemmensen         

Extra Forwards
Normal : Shawn Horcoff, Sean Bergenheim, Teemu Selanne - PP : Shawn Horcoff, Teemu Selanne - PK : Robert Dome
Extra Defensemen
Normal : Maxim Kondratiev, Christian Backman, Richard Jackman - PP : Maxim Kondratiev - PK : Ossi Vaananen, Richard Jackman
Penalty Shots
Jason Spezza, Rick Nash, Mike Richards, Sean Bergenheim, Martin Havlat

% Time on Ice - Bruins

Lines # - Real PCT - Wanted PCT - Time Play
Normal Forward
1 - 30% - 40% - 14:32
2 - 31% - 30% - 14:38
3 - 27% - 20% - 12:41
4 - 12% - 10% - 5:56
Normal Defense
1 - 36% - 40% - 17:13
2 - 31% - 30% - 14:55
3 - 23% - 20% - 10:52
4 - 10% - 10% - 4:47
PP Forward
1 - 52% - 60% - 3:09
2 - 48% - 40% - 2:54
PP Defense
1 - 59% - 60% - 3:35
2 - 41% - 40% - 2:28
PK Forward
1 - 72% - 60% - 4:25
2 - 28% - 40% - 1:45
PK Defense
1 - 64% - 60% - 3:56
2 - 36% - 40% - 2:14
PK3 Forward
1 - 0% - 60%
2 - 0% - 40%
PK3 Defense
1 - 0% - 60%
2 - 0% - 40%
44 Forward
1 - 74% - 60% - 3:41
2 - 26% - 40% - 1:19
44 Defense
1 - 59% - 60% - 2:58
2 - 41% - 40% - 2:02
Last Minute Offensive  - 0:00
Last Minute Defensive  - 0:00
Total
Forward - 65:00
Defense - 65:00

% Time on Ice - Red Wings

Lines # - Real PCT - Wanted PCT - Time Play
Normal Forward
1 - 32% - 40% - 15:11
2 - 27% - 30% - 12:49
3 - 25% - 20% - 11:46
4 - 17% - 10% - 8:01
Normal Defense
1 - 38% - 40% - 18:11
2 - 33% - 30% - 15:43
3 - 25% - 20% - 11:45
4 - 4% - 10% - 2:08
PP Forward
1 - 57% - 60% - 3:31
2 - 43% - 40% - 2:39
PP Defense
1 - 58% - 60% - 3:35
2 - 42% - 40% - 2:35
PK Forward
1 - 73% - 60% - 4:24
2 - 27% - 40% - 1:39
PK Defense
1 - 69% - 60% - 4:10
2 - 31% - 40% - 1:53
PK3 Forward
1 - 85% - 60% - 1:36
2 - 15% - 40% - 0:17
PK3 Defense
1 - 47% - 60% - 0:53
2 - 53% - 40% - 1:00
44 Forward
1 - 88% - 60% - 2:45
2 - 12% - 40% - 0:22
44 Defense
1 - 53% - 60% - 1:39
2 - 47% - 40% - 1:28
Last Minute Offensive  - 0:00
Last Minute Defensive  - 0:00
Total
Forward - 65:00
Defense - 65:00

Play by Play

1st period


0:01 of 1st period - Jason Spezza wins face-off versus Wojtek Wolski in neutral zone.
0:14 of 1st period - Wrist shot by Eric Lindros.
0:14 of 1st period - Shot Misses the Net.
1:10 of 1st period - Andrei Markov is hit by Lee Stempniak and loses puck.
1:35 of 1st period - Snap shot by Sydney Crosby.
1:35 of 1st period - Deflect By Scottie Upshall.
1:35 of 1st period - Stopped by Jonathan Quick without a rebound.
1:36 of 1st period - Sydney Crosby wins face-off versus Jason Spezza in Red Wings zone.
1:49 of 1st period - Richard Jackman is hit by Scottie Upshall and loses puck.
1:58 of 1st period - Snap shot by Rick Nash.
1:58 of 1st period - Shot Misses the Net.
2:00 of 1st period - Slapshot by Christian Backman.
2:00 of 1st period - Deflect By Rick Nash.
2:00 of 1st period - Stopped by Evgeni Nabokov with a rebound.
2:02 of 1st period - Slapshot by Ossi Vaananen.
2:02 of 1st period - Stopped by Evgeni Nabokov with a rebound.
2:20 of 1st period - Slapshot by Jason Spezza.
2:20 of 1st period - Stopped by Evgeni Nabokov without a rebound.
2:21 of 1st period - Mike Richards wins face-off versus Eric Lindros in Bruins zone.
2:26 of 1st period - Wrist shot by Sean Bergenheim.
2:26 of 1st period - Stopped by Evgeni Nabokov with a rebound.
3:56 of 1st period - Vitali Yachmenev is hit by Sean Bergenheim and loses puck.
4:09 of 1st period - Wrist shot by Mike Brown.
4:09 of 1st period - Shot Misses the Net.
4:11 of 1st period - Slapshot by Richard Jackman.
4:11 of 1st period - Shot Misses the Net.
4:31 of 1st period - Snap shot by Victor Oreskovich.
4:31 of 1st period - Shot Blocked by Richard Jackman.
5:11 of 1st period - Snap shot by Teemu Selanne.
5:11 of 1st period - Shot Misses the Net.
5:33 of 1st period - Snap shot by Mike Brown.
5:33 of 1st period - Shot Misses the Net.
5:35 of 1st period - Wrist shot by Shawn Horcoff.
5:35 of 1st period - Stopped by Evgeni Nabokov without a rebound.
5:36 of 1st period - Vitali Yachmenev wins face-off versus Shawn Horcoff in Bruins zone.
5:43 of 1st period - Slapshot by Eric Lindros.
5:43 of 1st period - Shot Misses the Net.
5:45 of 1st period - Minor Penalty to Shea Weber for Hooking.
5:46 of 1st period - Eric Lindros wins face-off versus Jason Spezza in Red Wings zone.
6:25 of 1st period - Snap shot by Sean Bergenheim.
6:25 of 1st period - Deflect By Shawn Horcoff.
6:25 of 1st period - Shot Blocked by Andrew Alberts.
6:25 of 1st period - Puck is out of play.
6:26 of 1st period - Eric Lindros wins face-off versus Shawn Horcoff in Bruins zone.
6:31 of 1st period - Snap shot by Wojtek Wolski.
6:31 of 1st period - Shot Blocked by Sean Bergenheim.
7:05 of 1st period - Shawn Horcoff is hit by Victor Oreskovich and loses puck.
7:45 of 1st period - Penalty to Shea Weber is over, Shea Weber is back on ice.
7:56 of 1st period - Backhand shot by Mike Richards.
7:56 of 1st period - Stopped by Evgeni Nabokov with a rebound.
7:58 of 1st period - Wrist shot by Mike Richards.
7:58 of 1st period - Shot Misses the Net.
8:18 of 1st period - Snap shot by Brian Sutherby.
8:18 of 1st period - Stopped by Evgeni Nabokov with a rebound.
8:20 of 1st period - Slapshot by Christian Backman.
8:20 of 1st period - Shot Blocked by Christoph Schubert.
8:22 of 1st period - Wrist shot by Ossi Vaananen.
8:22 of 1st period - Stopped by Evgeni Nabokov without a rebound.
8:23 of 1st period - Shawn Horcoff wins face-off versus Sydney Crosby in Bruins zone.
8:28 of 1st period - Snap shot by Shawn Horcoff.
8:28 of 1st period - Shot Misses the Net.
8:58 of 1st period - Slapshot by Matt Cooke.
8:58 of 1st period - Deflect By Matt Hendricks.
8:58 of 1st period - Stopped by Jonathan Quick without a rebound.
8:59 of 1st period - Eric Lindros wins face-off versus Jason Spezza in Red Wings zone.
9:08 of 1st period - Vitali Yachmenev is hit by Martin Havlat and loses puck.
11:15 of 1st period - Slapshot by Rick Nash.
11:15 of 1st period - Stopped by Evgeni Nabokov without a rebound.
11:16 of 1st period - Eric Lindros wins face-off versus Jason Spezza in Bruins zone.
11:21 of 1st period - Martin Havlat is hit by Vitali Yachmenev and loses puck.
11:38 of 1st period - Ryan O'Byrne is hit by Paul Martin and loses puck.
12:11 of 1st period - Slapshot by Victor Oreskovich.
12:11 of 1st period - Shot Blocked by Mike Brown.
12:17 of 1st period - Wrist shot by Sydney Crosby.
12:17 of 1st period - Stopped by Jonathan Quick without a rebound.
12:18 of 1st period - Rick Nash wins face-off versus Wojtek Wolski in Red Wings zone.
12:23 of 1st period - Slapshot by Eric Lindros.
12:23 of 1st period - Shot Misses the Net.
12:25 of 1st period - Snap shot by Wojtek Wolski.
12:25 of 1st period - Deflect By Vitali Yachmenev.
12:25 of 1st period - Shot Blocked by Shea Weber.
12:25 of 1st period - Puck is out of play.
12:26 of 1st period - Jason Spezza wins face-off versus Eric Lindros in Red Wings zone.
12:26 of 1st period - Jason Spezza is hit by Eric Lindros.
12:58 of 1st period - Snap shot by Vitali Yachmenev.
12:58 of 1st period - Shot Misses the Net.
13:04 of 1st period - Wrist shot by Wojtek Wolski.
13:04 of 1st period - Shot Misses the Net.
13:06 of 1st period - Wrist shot by Vitali Yachmenev.
13:06 of 1st period - Stopped by Jonathan Quick with a rebound.
13:08 of 1st period - Slapshot by Vitali Yachmenev.
13:08 of 1st period - Shot Misses the Net.
13:16 of 1st period - Snap shot by Wojtek Wolski.
13:16 of 1st period - Stopped by Jonathan Quick without a rebound.
13:17 of 1st period - Mike Richards wins face-off versus Sydney Crosby in Red Wings zone.
13:17 of 1st period - Mike Richards is hit by Andrew Alberts.
13:49 of 1st period - Wrist shot by Shawn Horcoff.
13:49 of 1st period - Shot Blocked by Jason Demers.
13:53 of 1st period - Wrist shot by Shawn Horcoff.
13:53 of 1st period - Shot Misses the Net.
14:05 of 1st period - Blair Betts is hit by Lee Stempniak and loses puck.
14:22 of 1st period - Blair Betts is hit by Sean Bergenheim.
14:54 of 1st period - Shawn Horcoff is hit by Dainius Zubrus and loses puck.
15:06 of 1st period - Snap shot by Shea Weber.
15:06 of 1st period - Shot Misses the Net.
15:08 of 1st period - Wrist shot by Brian Sutherby.
15:08 of 1st period - Stopped by Evgeni Nabokov without a rebound.
15:09 of 1st period - Brian Sutherby wins face-off versus Eric Lindros in Bruins zone.
15:15 of 1st period - Off-side.
15:16 of 1st period - Sydney Crosby wins face-off versus Jason Spezza in neutral zone.
15:31 of 1st period - Slapshot by Rick Nash.
15:31 of 1st period - Stopped by Evgeni Nabokov with a rebound.
15:47 of 1st period - Snap shot by Sean Bergenheim.
15:47 of 1st period - Stopped by Evgeni Nabokov without a rebound.
15:48 of 1st period - Jason Spezza wins face-off versus Eric Lindros in Bruins zone.
16:09 of 1st period - Minor Penalty to Vitali Yachmenev for Diving.
16:10 of 1st period - Wojtek Wolski wins face-off versus Martin Havlat in Bruins zone.
17:41 of 1st period - Mike Richards is hit by Dainius Zubrus and loses puck.
17:55 of 1st period - Icing by Shea Weber.
17:56 of 1st period - Jason Spezza wins face-off versus Wojtek Wolski in Red Wings zone.
18:07 of 1st period - Martin Havlat is hit by Andrew Alberts and loses puck.
18:09 of 1st period - Penalty to Vitali Yachmenev is over, Vitali Yachmenev is back on ice.
18:30 of 1st period - Andrew Alberts is hit by Robert Dome and loses puck.
18:59 of 1st period - Maxim Kondratiev is hit by Wojtek Wolski and loses puck.
19:22 of 1st period - Slapshot by Richard Jackman.
19:22 of 1st period - Shot Misses the Net.
19:24 of 1st period - Slapshot by Richard Jackman.
19:24 of 1st period - Stopped by Evgeni Nabokov without a rebound.
19:25 of 1st period - Sydney Crosby wins face-off versus Jason Spezza in Bruins zone.
19:30 of 1st period - Snap shot by Rick Nash.
19:30 of 1st period - Shot Blocked by Jason Demers.
19:32 of 1st period - Slapshot by Shea Weber.
19:32 of 1st period - Deflect By Victor Oreskovich.
19:32 of 1st period - Stopped by Evgeni Nabokov without a rebound.
19:33 of 1st period - Eric Lindros wins face-off versus Jason Spezza in Bruins zone.
Goals for this period are 0 for Bruins vs 0 for Red Wings.
Shots for this period are 5 for Bruins vs 14 for Red Wings.

2nd period


0:01 of 2nd period - Jason Spezza wins face-off versus Eric Lindros in neutral zone.
0:08 of 2nd period - Snap shot by Rick Nash.
0:08 of 2nd period - Shot Blocked by Vitali Yachmenev.
0:57 of 2nd period - Snap shot by Mike Brown.
0:57 of 2nd period - Shot Blocked by Matt Cooke.
1:36 of 2nd period - Slapshot by Teemu Selanne.
1:36 of 2nd period - Shot Misses the Net.
1:38 of 2nd period - Wrist shot by Sean Bergenheim.
1:38 of 2nd period - Shot Misses the Net.
1:40 of 2nd period - Slapshot by Teemu Selanne.
1:40 of 2nd period - Stopped by Evgeni Nabokov with a rebound.
1:42 of 2nd period - Slapshot by Ossi Vaananen.
1:42 of 2nd period - Stopped by Evgeni Nabokov with a rebound.
1:44 of 2nd period - Wrist shot by Teemu Selanne.
1:44 of 2nd period - Deflect By Sean Bergenheim.
1:44 of 2nd period - Stopped by Evgeni Nabokov without a rebound.
1:45 of 2nd period - Eric Lindros wins face-off versus Shawn Horcoff in Bruins zone.
2:20 of 2nd period - Snap shot by Eric Lindros.
2:20 of 2nd period - Shot Misses the Net.
2:22 of 2nd period - Slapshot by Ryan O'Byrne.
2:22 of 2nd period - Shot Blocked by Mike Richards.
2:26 of 2nd period - Snap shot by Eric Lindros.
2:26 of 2nd period - Shot Blocked by Richard Jackman.
2:32 of 2nd period - Slapshot by Vitali Yachmenev.
2:32 of 2nd period - Shot Blocked by Sean Bergenheim.
2:34 of 2nd period - Wrist shot by Eric Lindros.
2:34 of 2nd period - Shot Misses the Net.
2:36 of 2nd period - Slapshot by Ryan O'Byrne.
2:36 of 2nd period - Shot Blocked by Maxim Kondratiev.
2:38 of 2nd period - Wrist shot by Vitali Yachmenev.
2:38 of 2nd period - Stopped by Jonathan Quick with a rebound.
3:04 of 2nd period - Wrist shot by Vitali Yachmenev.
3:04 of 2nd period - Shot Blocked by Sean Bergenheim.
3:12 of 2nd period - Slapshot by Eric Lindros.
3:12 of 2nd period - Shot Blocked by Maxim Kondratiev.
3:14 of 2nd period - Wrist shot by Wojtek Wolski.
3:14 of 2nd period - Stopped by Jonathan Quick with a rebound.
3:21 of 2nd period - Minor Penalty to Teemu Selanne for High sticking.
3:22 of 2nd period - Jason Spezza wins face-off versus Sydney Crosby in Red Wings zone.
4:13 of 2nd period - Andrew Alberts is hit by Jason Spezza and loses puck.
4:51 of 2nd period - Mark Stuart is hit by Paul Martin and loses puck.
5:08 of 2nd period - Wojtek Wolski is hit by Brian Sutherby and loses puck.
5:21 of 2nd period - Penalty to Teemu Selanne is over, Teemu Selanne is back on ice.
6:28 of 2nd period - Snap shot by Teemu Selanne.
6:28 of 2nd period - Shot Misses the Net.
7:22 of 2nd period - Mark Stuart is hit by Michal Grosek and loses puck.
7:55 of 2nd period - Snap shot by Shawn Horcoff.
7:55 of 2nd period - Stopped by Evgeni Nabokov without a rebound.
7:56 of 2nd period - Shawn Horcoff wins face-off versus Matt Hendricks in Bruins zone.
8:17 of 2nd period - Snap shot by Jason Spezza.
8:17 of 2nd period - Stopped by Evgeni Nabokov with a rebound.
8:19 of 2nd period - Slapshot by Shea Weber.
8:19 of 2nd period - Stopped by Evgeni Nabokov without a rebound.
8:20 of 2nd period - Blair Betts wins face-off versus Jason Spezza in Bruins zone.
8:35 of 2nd period - Slapshot by Rick Nash.
8:35 of 2nd period - Deflect By Jason Spezza.
8:35 of 2nd period - Shot Blocked by Blair Betts.
8:35 of 2nd period - Puck is out of play.
8:36 of 2nd period - Eric Lindros wins face-off versus Sean Bergenheim in Bruins zone.
8:41 of 2nd period - Andrew Alberts is hit by Mike Richards and loses puck.
9:21 of 2nd period - Slapshot by Dainius Zubrus.
9:21 of 2nd period - Stopped by Jonathan Quick with a rebound.
9:26 of 2nd period - Minor Penalty to Matt Cooke for Hooking.
9:27 of 2nd period - Jason Spezza wins face-off versus Wojtek Wolski in Bruins zone.
9:31 of 2nd period - Snap shot by Jason Spezza.
9:31 of 2nd period - Shot Misses the Net.
9:33 of 2nd period - Slapshot by Martin Havlat.
9:33 of 2nd period - Shot Misses the Net.
9:35 of 2nd period - Slapshot by Rick Nash.
9:35 of 2nd period - Shot Misses the Net.
9:37 of 2nd period - Snap shot by Rick Nash.
9:37 of 2nd period - Shot Misses the Net.
9:39 of 2nd period - Slapshot by Christian Backman.
9:39 of 2nd period - Goal by Christian Backman - Bruins : 0 - Red Wings : 1.
9:40 of 2nd period - Eric Lindros wins face-off versus Jason Spezza in neutral zone.
9:47 of 2nd period - Wrist shot by Vitali Yachmenev.
9:47 of 2nd period - Shot Blocked by Shea Weber.
9:49 of 2nd period - Wrist shot by Vitali Yachmenev.
9:49 of 2nd period - Shot Blocked by Rick Nash.
9:51 of 2nd period - Slapshot by Eric Lindros.
9:51 of 2nd period - Shot Misses the Net.
10:24 of 2nd period - Wrist shot by Shawn Horcoff.
10:24 of 2nd period - Stopped by Evgeni Nabokov with a rebound.
10:41 of 2nd period - Dainius Zubrus is hit by Shawn Horcoff and loses puck.
10:46 of 2nd period - Ryan O'Byrne is hit by Shawn Horcoff and loses puck.
10:59 of 2nd period - Snap shot by Shawn Horcoff.
10:59 of 2nd period - Stopped by Evgeni Nabokov without a rebound.
11:00 of 2nd period - Eric Lindros wins face-off versus Rick Nash in Bruins zone.
11:09 of 2nd period - Snap shot by Wojtek Wolski.
11:09 of 2nd period - Stopped by Jonathan Quick without a rebound.
11:10 of 2nd period - Eric Lindros wins face-off versus Rick Nash in Red Wings zone.
11:15 of 2nd period - Snap shot by Wojtek Wolski.
11:15 of 2nd period - Stopped by Jonathan Quick with a rebound.
11:17 of 2nd period - Slapshot by Andrei Markov.
11:17 of 2nd period - Shot Misses the Net.
11:19 of 2nd period - Snap shot by Vitali Yachmenev.
11:19 of 2nd period - Stopped by Jonathan Quick with a rebound.
11:21 of 2nd period - Slapshot by Mark Stuart.
11:21 of 2nd period - Stopped by Jonathan Quick without a rebound.
11:22 of 2nd period - Jason Spezza wins face-off versus Eric Lindros in Red Wings zone.
12:36 of 2nd period - Shea Weber is hit by Blair Betts and loses puck.
13:47 of 2nd period - Wrist shot by Sean Bergenheim.
13:47 of 2nd period - Deflect By Mike Richards.
13:47 of 2nd period - Shot Misses the Net.
13:47 of 2nd period - Puck is out of play.
13:48 of 2nd period - Mike Richards wins face-off versus Sydney Crosby in Bruins zone.
14:03 of 2nd period - Slapshot by Victor Oreskovich.
14:03 of 2nd period - Deflect By Scottie Upshall.
14:03 of 2nd period - Shot Misses the Net.
14:03 of 2nd period - Puck is out of play.
14:04 of 2nd period - Eric Lindros wins face-off versus Rick Nash in Red Wings zone.
14:17 of 2nd period - Wojtek Wolski is hit by Jason Spezza and loses puck.
14:30 of 2nd period - Maxim Kondratiev is hit by Sydney Crosby and loses puck.
14:37 of 2nd period - Slapshot by Richard Jackman.
14:37 of 2nd period - Stopped by Evgeni Nabokov with a rebound.
14:59 of 2nd period - Snap shot by Robert Dome.
14:59 of 2nd period - Stopped by Evgeni Nabokov with a rebound.
15:35 of 2nd period - Slapshot by Matt Hendricks.
15:35 of 2nd period - Deflect By Dainius Zubrus.
15:35 of 2nd period - Shot Misses the Net.
15:35 of 2nd period - Puck is out of play.
15:36 of 2nd period - Eric Lindros wins face-off versus Mike Richards in Red Wings zone.
15:51 of 2nd period - Wrist shot by Eric Lindros.
15:51 of 2nd period - Shot Misses the Net.
16:26 of 2nd period - Backhand shot by Brian Sutherby.
16:26 of 2nd period - Stopped by Evgeni Nabokov without a rebound.
16:27 of 2nd period - Eric Lindros wins face-off versus Brian Sutherby in Bruins zone.
16:46 of 2nd period - Eric Lindros is hit by Lee Stempniak and loses puck.
16:55 of 2nd period - Wrist shot by Lee Stempniak.
16:55 of 2nd period - Stopped by Evgeni Nabokov with a rebound.
16:57 of 2nd period - Slapshot by Shea Weber.
16:57 of 2nd period - Shot Blocked by Wojtek Wolski.
17:49 of 2nd period - Slapshot by Andrew Alberts.
17:49 of 2nd period - Stopped by Jonathan Quick without a rebound.
17:50 of 2nd period - Sydney Crosby wins face-off versus Jason Spezza in Red Wings zone.
17:55 of 2nd period - Snap shot by Scottie Upshall.
17:55 of 2nd period - Shot Misses the Net.
17:57 of 2nd period - Wrist shot by Scottie Upshall.
17:57 of 2nd period - Stopped by Jonathan Quick without a rebound.
17:58 of 2nd period - Sydney Crosby wins face-off versus Jason Spezza in Red Wings zone.
18:01 of 2nd period - Snap shot by Sydney Crosby.
18:01 of 2nd period - Shot Blocked by Jason Spezza.
18:03 of 2nd period - Wrist shot by Sydney Crosby.
18:03 of 2nd period - Deflect By Jason Spezza.
18:03 of 2nd period - Stopped by Jonathan Quick with a rebound.
18:05 of 2nd period - Slapshot by Victor Oreskovich.
18:05 of 2nd period - Stopped by Jonathan Quick with a rebound.
18:07 of 2nd period - Wrist shot by Sydney Crosby.
18:07 of 2nd period - Stopped by Jonathan Quick without a rebound.
18:08 of 2nd period - Jason Spezza wins face-off versus Sydney Crosby in Red Wings zone.
18:33 of 2nd period - Andrei Markov is hit by Mike Brown.
19:27 of 2nd period - Snap shot by Viktor Stalberg.
19:27 of 2nd period - Shot Blocked by Shea Weber.
19:29 of 2nd period - Snap shot by Blair Betts.
19:29 of 2nd period - Stopped by Jonathan Quick without a rebound.
19:30 of 2nd period - Robert Dome wins face-off versus Vitali Yachmenev in Red Wings zone.
19:59 of 2nd period - Slapshot by Matt Cooke.
19:59 of 2nd period - Stopped by Jonathan Quick with a rebound.
Goals for this period are 0 for Bruins vs 1 for Red Wings.
Shots for this period are 14 for Bruins vs 13 for Red Wings.

3rd period


0:01 of 3rd period - Jason Spezza wins face-off versus Eric Lindros in neutral zone.
0:16 of 3rd period - Snap shot by Eric Lindros.
0:16 of 3rd period - Goal by Eric Lindros - Bruins : 1 - Red Wings : 1.
0:17 of 3rd period - Eric Lindros wins face-off versus Jason Spezza in neutral zone.
0:42 of 3rd period - Ryan O'Byrne is hit by Teemu Selanne and loses puck.
1:01 of 3rd period - Wrist shot by Wojtek Wolski.
1:01 of 3rd period - Stopped by Jonathan Quick without a rebound.
1:02 of 3rd period - Jason Spezza wins face-off versus Blair Betts in Red Wings zone.
1:40 of 3rd period - Minor Penalty to Mike Brown for Hooking.
1:41 of 3rd period - Jason Spezza wins face-off versus Eric Lindros in Red Wings zone.
1:49 of 3rd period - Wrist shot by Andrew Alberts.
1:49 of 3rd period - Deflect By Paul Martin.
1:49 of 3rd period - Stopped by Jonathan Quick without a rebound.
1:50 of 3rd period - Eric Lindros wins face-off versus Jason Spezza in Red Wings zone.
1:51 of 3rd period - Slapshot by Wojtek Wolski.
1:51 of 3rd period - Shot Misses the Net.
2:27 of 3rd period - Snap shot by Vitali Yachmenev.
2:27 of 3rd period - Stopped by Jonathan Quick without a rebound.
2:28 of 3rd period - Jason Spezza wins face-off versus Sydney Crosby in Red Wings zone.
3:40 of 3rd period - Penalty to Mike Brown is over, Mike Brown is back on ice.
3:53 of 3rd period - Snap shot by Lee Stempniak.
3:53 of 3rd period - Stopped by Evgeni Nabokov without a rebound.
3:54 of 3rd period - Matt Hendricks wins face-off versus Mike Richards in Bruins zone.
3:54 of 3rd period - Matt Hendricks is hit by Sean Bergenheim.
4:59 of 3rd period - Wojtek Wolski is hit by Maxim Kondratiev and loses puck.
5:30 of 3rd period - Matt Hendricks is hit by Paul Martin and loses puck.
6:00 of 3rd period - Off-side.
6:01 of 3rd period - Jason Spezza wins face-off versus Eric Lindros in neutral zone.
6:14 of 3rd period - Snap shot by Jason Spezza.
6:14 of 3rd period - Shot Misses the Net.
6:16 of 3rd period - Snap shot by Rick Nash.
6:16 of 3rd period - Shot Misses the Net.
6:48 of 3rd period - Shea Weber is hit by Mark Stuart and loses puck.
6:55 of 3rd period - Robert Dome is hit by Mark Stuart and loses puck.
7:08 of 3rd period - Slapshot by Wojtek Wolski.
7:08 of 3rd period - Shot Misses the Net.
7:10 of 3rd period - Snap shot by Blair Betts.
7:10 of 3rd period - Shot Blocked by Shea Weber.
7:12 of 3rd period - Slapshot by Andrei Markov.
7:12 of 3rd period - Stopped by Jonathan Quick with a rebound.
7:14 of 3rd period - Wrist shot by Andrei Markov.
7:14 of 3rd period - Shot Blocked by Rick Nash.
7:36 of 3rd period - Michal Grosek is hit by Eric Lindros and loses puck.
10:43 of 3rd period - Tom Gilbert is hit by Jason Spezza and loses puck.
10:50 of 3rd period - Snap shot by Rick Nash.
10:50 of 3rd period - Stopped by Evgeni Nabokov without a rebound.
10:51 of 3rd period - Scottie Upshall wins face-off versus Mike Richards in Bruins zone.
11:02 of 3rd period - Snap shot by Sydney Crosby.
11:02 of 3rd period - Stopped by Jonathan Quick without a rebound.
11:03 of 3rd period - Mike Richards wins face-off versus Sydney Crosby in Red Wings zone.
11:09 of 3rd period - Off-side.
11:10 of 3rd period - Sydney Crosby wins face-off versus Mike Richards in neutral zone.
11:12 of 3rd period - Minor Penalty to Scottie Upshall for Tripping.
11:13 of 3rd period - Jason Spezza wins face-off versus Wojtek Wolski in Bruins zone.
11:39 of 3rd period - Wojtek Wolski is hit by Mike Richards and loses puck.
12:44 of 3rd period - Martin Havlat is hit by Ryan O'Byrne and loses puck.
13:12 of 3rd period - Penalty to Scottie Upshall is over, Scottie Upshall is back on ice.
13:22 of 3rd period - Victor Oreskovich is hit by Robert Dome and loses puck.
13:43 of 3rd period - Viktor Stalberg is hit by Brian Sutherby and loses puck.
14:03 of 3rd period - Off-side.
14:04 of 3rd period - Matt Hendricks wins face-off versus Teemu Selanne in neutral zone.
14:14 of 3rd period - Wrist shot by Matt Cooke.
14:14 of 3rd period - Shot Misses the Net.
14:53 of 3rd period - Snap shot by Andrei Markov.
14:53 of 3rd period - Shot Blocked by Mike Brown.
14:55 of 3rd period - Slapshot by Vitali Yachmenev.
14:55 of 3rd period - Shot Misses the Net.
15:18 of 3rd period - Minor Penalty to Ryan O'Byrne for Holding.
15:19 of 3rd period - Jason Spezza wins face-off versus Wojtek Wolski in Bruins zone.
15:33 of 3rd period - Wrist shot by Martin Havlat.
15:33 of 3rd period - Stopped by Evgeni Nabokov without a rebound.
15:34 of 3rd period - Jason Spezza wins face-off versus Wojtek Wolski in Bruins zone.
16:55 of 3rd period - Andrew Alberts is hit by Richard Jackman and loses puck.
17:18 of 3rd period - Penalty to Ryan O'Byrne is over, Ryan O'Byrne is back on ice.
17:33 of 3rd period - Sydney Crosby is hit by Shawn Horcoff and loses puck.
17:50 of 3rd period - Wojtek Wolski is hit by Shea Weber and loses puck.
17:59 of 3rd period - Snap shot by Michal Grosek.
17:59 of 3rd period - Shot Blocked by Jason Demers.
18:01 of 3rd period - Slapshot by Brian Sutherby.
18:01 of 3rd period - Stopped by Evgeni Nabokov without a rebound.
18:02 of 3rd period - Matt Cooke wins face-off versus Shawn Horcoff in Bruins zone.
18:06 of 3rd period - Off-side.
18:07 of 3rd period - Shawn Horcoff wins face-off versus Blair Betts in neutral zone.
18:18 of 3rd period - Wrist shot by Shawn Horcoff.
18:18 of 3rd period - Shot Misses the Net.
18:42 of 3rd period - Wrist shot by Scottie Upshall.
18:42 of 3rd period - Stopped by Jonathan Quick without a rebound.
18:43 of 3rd period - Blair Betts wins face-off versus Shawn Horcoff in Red Wings zone.
18:54 of 3rd period - Snap shot by Viktor Stalberg.
18:54 of 3rd period - Stopped by Jonathan Quick without a rebound.
18:55 of 3rd period - Blair Betts wins face-off versus Shawn Horcoff in Red Wings zone.
19:08 of 3rd period - Snap shot by Shawn Horcoff.
19:08 of 3rd period - Stopped by Evgeni Nabokov without a rebound.
19:09 of 3rd period - Matt Hendricks wins face-off versus Mike Richards in Bruins zone.
19:50 of 3rd period - Wrist shot by Blair Betts.
19:50 of 3rd period - Stopped by Jonathan Quick without a rebound.
19:51 of 3rd period - Mike Richards wins face-off versus Blair Betts in Red Wings zone.
19:53 of 3rd period - Minor Penalty to Teemu Selanne for Interference.
19:54 of 3rd period - Jason Spezza wins face-off versus Eric Lindros in Red Wings zone.
Goals for this period are 1 for Bruins vs 0 for Red Wings.
Shots for this period are 9 for Bruins vs 5 for Red Wings.

Overtime #1


0:01 of 1st overtime period - Jason Spezza wins face-off versus Wojtek Wolski in neutral zone.
0:12 of 1st overtime period - Slapshot by Paul Martin.
0:12 of 1st overtime period - Stopped by Evgeni Nabokov with a rebound.
0:46 of 1st overtime period - Wrist shot by Matt Cooke.
0:46 of 1st overtime period - Shot Misses the Net.
0:48 of 1st overtime period - Slapshot by Matt Cooke.
0:48 of 1st overtime period - Stopped by Jonathan Quick with a rebound.
0:50 of 1st overtime period - Backhand shot by Mark Stuart.
0:50 of 1st overtime period - Deflect By Maxim Kondratiev.
0:50 of 1st overtime period - Stopped by Jonathan Quick without a rebound.
0:51 of 1st overtime period - Wojtek Wolski wins face-off versus Shawn Horcoff in Red Wings zone.
1:20 of 1st overtime period - Wrist shot by Sydney Crosby.
1:20 of 1st overtime period - Shot Misses the Net.
1:22 of 1st overtime period - Slapshot by Andrew Alberts.
1:22 of 1st overtime period - Stopped by Jonathan Quick with a rebound.
1:24 of 1st overtime period - Slapshot by Andrew Alberts.
1:24 of 1st overtime period - Shot Misses the Net.
1:28 of 1st overtime period - Snap shot by Sydney Crosby.
1:28 of 1st overtime period - Shot Misses the Net.
1:53 of 1st overtime period - Penalty to Teemu Selanne is over, Teemu Selanne is back on ice.
1:58 of 1st overtime period - Mark Stuart is hit by Shea Weber.
3:06 of 1st overtime period - Christian Backman is hit by Andrei Markov and loses puck.
3:42 of 1st overtime period - Matt Cooke is hit by Shea Weber.
3:46 of 1st overtime period - Matt Cooke is hit by Sean Bergenheim and loses puck.
4:31 of 1st overtime period - Michal Grosek is hit by Sydney Crosby and loses puck.
4:45 of 1st overtime period - Off-side.
4:46 of 1st overtime period - Jason Spezza wins face-off versus Matt Cooke in neutral zone.
4:58 of 1st overtime period - Icing by Richard Jackman.
4:59 of 1st overtime period - Wojtek Wolski wins face-off versus Mike Richards in Red Wings zone.
Goals for this period are 0 for Bruins vs 0 for Red Wings.
Shots for this period are 3 for Bruins vs 1 for Red Wings.

ShootOut


5:00 of 1st overtime period - Penalty Shot by Wojtek Wolski for Bruins.
5:00 of 1st overtime period - Snap shot by Wojtek Wolski.
5:00 of 1st overtime period - Stopped by Jonathan Quick.
5:00 of 1st overtime period - Penalty Shot by Jason Spezza for Red Wings.
5:00 of 1st overtime period - Deke by Jason Spezza.
5:00 of 1st overtime period - Stopped by Evgeni Nabokov.
5:00 of 1st overtime period - Penalty Shot by Eric Lindros for Bruins.
5:00 of 1st overtime period - Snap shot by Eric Lindros.
5:00 of 1st overtime period - Stopped by Jonathan Quick.
5:00 of 1st overtime period - Penalty Shot by Rick Nash for Red Wings.
5:00 of 1st overtime period - Backhand shot by Rick Nash.
5:00 of 1st overtime period - Stopped by Evgeni Nabokov.
5:00 of 1st overtime period - Penalty Shot by Sydney Crosby for Bruins.
5:00 of 1st overtime period - Deke by Sydney Crosby.
5:00 of 1st overtime period - Stopped by Jonathan Quick.
5:00 of 1st overtime period - Penalty Shot by Mike Richards for Red Wings.
5:00 of 1st overtime period - Snap shot by Mike Richards.
5:00 of 1st overtime period - Shot Misses the Net.
5:00 of 1st overtime period - Penalty Shot by Scottie Upshall for Bruins.
5:00 of 1st overtime period - Deke by Scottie Upshall.
5:00 of 1st overtime period - Goal by Scottie Upshall.
5:00 of 1st overtime period - Penalty Shot by Sean Bergenheim for Red Wings.
5:00 of 1st overtime period - Deke by Sean Bergenheim.
5:00 of 1st overtime period - Goal by Sean Bergenheim.
5:00 of 1st overtime period - Penalty Shot by Matt Cooke for Bruins.
5:00 of 1st overtime period - Deke by Matt Cooke.
5:00 of 1st overtime period - Goal by Matt Cooke.
5:00 of 1st overtime period - Penalty Shot by Martin Havlat for Red Wings.
5:00 of 1st overtime period - Snap shot by Martin Havlat.
5:00 of 1st overtime period - Goal by Martin Havlat.
5:00 of 1st overtime period - Penalty Shot by Viktor Stalberg for Bruins.
5:00 of 1st overtime period - Backhand shot by Viktor Stalberg.
5:00 of 1st overtime period - Stopped by Jonathan Quick.
5:00 of 1st overtime period - Penalty Shot by Shawn Horcoff for Red Wings.
5:00 of 1st overtime period - Wrist shot by Shawn Horcoff.
5:00 of 1st overtime period - Shot Misses the Net.
5:00 of 1st overtime period - Penalty Shot by Blair Betts for Bruins.
5:00 of 1st overtime period - Deke by Blair Betts.
5:00 of 1st overtime period - Goal by Blair Betts.
5:00 of 1st overtime period - Penalty Shot by Teemu Selanne for Red Wings.
5:00 of 1st overtime period - Wrist shot by Teemu Selanne.
5:00 of 1st overtime period - Stopped by Evgeni Nabokov.


Output by the SimonT Hockey Simulator (STHS) for François Prévost -- Original Page W3C XHTML 1.0 Valid
Hockey Simulator - Hockey Simulation - Hockey Manager